Map: Écho EC

Players

AgCl

  • Race: Protoss Protoss

OzMo - Winner!

  • Race: Zerg Zerg

VOD

Have the link to the VOD?

Description

Time

  • Played on: May 12, 2015, 4:20 a.m.
  • Length: 7:10
Show
View Real Time Build Order
Export as new Build Order

AgCl Protoss 

Build Orders: Oracle Opening, Oracle Opening 

Get SALT Encoding   

  12  0:05  Probe  
  13  0:20  Pylon  
  13  0:25  Probe  
  14  0:35  Assimilator  
  14  0:38  Probe  
  15  0:49  Gateway  
  15  0:50  Probe  
  16  1:03  Probe (Chrono Boost)  
  18  1:12  Probe (Chrono Boost)  
  18  1:20  Probe  
  18  1:22  Pylon  
  19  1:32  Probe (Chrono Boost)  
  20  1:37  Cybernetics Core  
  20  1:44  Probe (Chrono Boost)  
  21  1:51  Probe (Chrono Boost)  
  22  2:00  Assimilator  
  22  2:01  Probe  
  23  2:15  Nexus  
  23  2:21  Probe (Chrono Boost)  
  23  2:22  Stargate  
  24  2:27  Warp Gate  
  24  2:29  Adept  
  27  2:37  Probe (Chrono Boost)  
  27  2:48  Probe (Chrono Boost)  
  28  2:54  Mothership Core  
  30  2:59  Pylon  
  30  3:05  Pylon  
  30  3:16  Oracle  
  32  3:20  Gateway  
  32  3:29  Probe x2 (Chrono Boost)  
  34  3:39  Probe x2 (Chrono Boost)  
  36  3:44  Pylon  
  36  3:46  Probe (Chrono Boost)  
  36  3:47  Assimilator  
  38  3:52  Probe (Chrono Boost)  
  38  3:55  Probe (Chrono Boost), Gateway  
  39  3:57  Pylon  
  39  4:01  Probe (Chrono Boost)  
  40  4:06  Forge  
  41  4:12  Probe (Chrono Boost)  
  41  4:15  Probe (Chrono Boost)  
  42  4:19  Probe (Chrono Boost)  
  42  4:21  Probe  
  44  4:30  Probe  
  45  4:33  Void Ray (Chrono Boost)  
  45  4:34  Probe (Chrono Boost)  
  50  4:42  Gateway  
  52  4:46  Probe (Chrono Boost)  
  52  4:48  Probe (Chrono Boost), Twilight Council  
  52  4:49  Protoss Ground Weapons Level 1 (Chrono Boost)  
  52  4:55  Probe (Chrono Boost)  
  52  4:57  Probe (Chrono Boost)  
  52  4:59  Stalker, Adept  
  58  5:06  Probe (Chrono Boost), Assimilator  
  59  5:08  Probe (Chrono Boost)  
  60  5:16  Zealot  
  60  5:18  Probe (Chrono Boost)  
  63  5:22  Probe (Chrono Boost)  
  64  5:28  Probe  
  64  5:33  Probe  
  66  5:40  Probe  
  67  5:44  Nexus  
  67  5:45  Probe  
  67  5:46  Pylon  
  61  6:05  Zealot x3  
  62  6:26  Pylon  
  62  6:27  Probe (Chrono Boost)  
  62  6:29  Probe (Chrono Boost)  
  59  6:36  Probe (Chrono Boost)  
  59  6:38  Probe  
  55  6:42  Dark Shrine  
  55  6:47  Probe  
  55  6:49  Adept x3  
  55  6:50  Probe, Adept  
  65  6:56  Pylon  
  65  7:06  Gateway, Pylon  
  63  7:09  Gateway  
Show
View Real Time Build Order
Export as new Build Order

OzMo Zerg - Winner!

Build Orders: Hatch First 

Get SALT Encoding   

  12  0:01  Drone  
  13  0:08  Drone  
  14  0:33  Hatchery  
  13  0:36  Drone  
  14  0:44  Overlord  
  14  1:02  Spawning Pool  
  13  1:04  Drone  
  13  1:06  Extractor  
  13  1:10  Drone  
  14  1:14  Drone  
  15  1:20  Drone  
  16  1:33  Drone  
  17  1:49  Queen x2  
  21  2:06  Metabolic Boost  
  21  2:07  Overlord  
  21  2:12  Drone x2  
  23  2:17  Drone  
  23  2:21  Drone  
  25  2:24  Zergling x2  
  26  2:45  Queen  
  26  2:46  Drone x3  
  31  2:54  Lair  
  31  3:00  Drone x2  
  33  3:26  Drone x3  
  36  3:30  Overlord x2  
  36  3:35  Hatchery  
  35  3:41  Drone  
  36  4:01  Hydralisk Den  
  35  4:04  Drone x9, Extractor x2  
  35  4:05  Drone, Extractor  
  42  4:21  Spore Crawler  
  41  4:37  Drone x4  
  41  4:38  Drone x2  
  47  4:44  Drone x3  
  50  4:48  Muscular Augments  
  50  4:50  Queen  
  50  4:51  Hydralisk x2  
  56  5:10  Zergling x4  
  56  5:11  Overlord x2  
  56  5:12  Overlord x2  
  58  5:22  Overlord  
  58  5:23  Overlord  
  58  5:35  Hydralisk  
  58  5:36  Hydralisk x5  
  62  6:01  Hydralisk x7  
  62  6:02  Hydralisk  
  62  6:03  Zergling x2  
  77  6:21  Zergling x2  
  77  6:22  Zergling x18  
  87  6:34  Hydralisk x4  
  95  6:43  Drone  
  96  6:56  Evolution Chamber, Drone x3  
  96  6:57  Evolution Chamber  
Tags
 
Add a new tag
Caveats
  • Supply blocks, unpowered buildings, or Contaminate may cause inaccurate times.
  • Supply counts are checked every 10 seconds.